 Dungeon Crawl Stone Soup version 0.16.0-17-g811c1d7 (webtiles) character file.

7380 timbw the Martial Artist (level 10, -4/79 HPs)
             Began as a Vampire Arcane Marksman on Mar 20, 2015.
             Slain by a komodo dragon (30 damage)
             ... on level 12 of the Dungeon.
             The game lasted 00:23:47 (7553 turns).

timbw the Martial Artist (Vampire Arcane Marksman)  Turns: 7553, Time: 00:23:47

Health: -4/79      AC:  5    Str: 10      XL:     10   Next: 92%
Magic:  13/13      EV: 17    Int: 15      God:
Gold:   197        SH:  0    Dex: 15 (16) Spells: 1 memorised, 10 levels left

rFire  + . .     SeeInvis +       - Unarmed
rCold  . . .     Clarity  .     q - +0 leather armour
rNeg   . . .     SustAb   .     (no shield)
rPois  .         Gourm    .     (no helmet)
rElec  .         Spirit   .     H - +0 cloak
rCorr  .         Warding  .     y - +0 pair of gloves
rMut   .         Stasis   .     (no boots)
MR     +....                    (no amulet)
Stlth  +.........               D - ring of see invisible
                                m - ring of protection from fire

@: regenerating quickly, somewhat resistant to hostile enchantments, very
unstealthy
A: bottle blood, fangs 3, talons 1, see invisible, spit poison 1, unbreathing,
MP-powered wands 1
a: Spit Poison


You were on level 12 of the Dungeon.
You were full.

You visited 2 branches of the dungeon, and saw 13 of its levels.

You collected 673 gold pieces.
You spent 476 gold pieces at shops.

Inventory:

Hand weapons
 r - a +1 blowgun
Missiles
 b - 12 javelins (quivered)
 e - 22 poisoned needles
 f - 8 tomahawks
Armour
 a - a +0 robe
 h - a +0 scale mail
 q - a +0 leather armour (worn)
 s - a +0 pair of gloves
 y - a +0 pair of gloves (worn)
 H - a +0 cloak (worn)
Jewellery
 m - a ring of protection from fire (left hand)
 z - a +6 ring of intelligence
 D - a ring of see invisible (right hand)
Magical devices
 n - a wand of fire (0)
 v - a wand of flame (30)
 w - a wand of slowing (48)
 A - a wand of random effects (11)
 C - a wand of flame (31)
 F - a wand of paralysis (5)
 G - a wand of polymorph (6)
Scrolls
 g - a scroll of magic mapping
 i - 7 scrolls of remove curse
 j - a scroll of fear
 k - 5 scrolls of identify
 l - 2 scrolls of fog
 p - 2 scrolls of random uselessness
 t - 2 scrolls of immolation
 x - a scroll of amnesia {unknown}
 I - 2 scrolls of teleportation
 J - 2 scrolls of recharging
 L - a scroll of blinking {unknown}
Potions
 c - a potion of poison
 o - 3 potions of restore abilities
 u - 2 potions of flight
 B - 2 potions of ambrosia {unknown}
 K - a potion of invisibility
Books
 d - a book of Debilitation

   Spells                             Type                      Level
   a - Corona                         Hexes                        1
   b - Slow                           Hexes                        2
   c - Inner Flame                    Hexes/Fire                   3
   d - Enslavement                    Hexes                        4
   e - Cause Fear                     Hexes                        4
   f - Leda's Liquefaction            Hexes/Earth                  4
 E - a book of Power

   Spells                             Type                      Level
   a - Fulminant Prism                Conjuration/Hexes            4
   b - Iskenderun's Mystic Blast      Conjuration                  4
   c - Venom Bolt                     Conjuration/Poison           5
   d - Bolt of Magma                  Conjuration/Fire/Earth       5
   e - Iron Shot                      Conjuration/Earth            6
   f - Orb of Destruction             Conjuration                  7
   g - Spellforged Servitor           Conjuration/Summoning        7


   Skills:
 + Level 7.4 Fighting
 - Level 1.5 Throwing
 + Level 9.3 Dodging
 * Level 13.0 Unarmed Combat
 - Level 1.0 Spellcasting
 - Level 4.4 Hexes


You had 10 spell levels left.
You knew the following spells:

 Your Spells              Type           Power        Failure   Level  Hunger
a - Corona                Hex            ##.....      8%          1    ##.....


Dungeon Overview and Level Annotations

Branches:
Dungeon (12/15)            Temple (0/1) D:5            Lair (1/8) D:10
    Orc (0/4) D:10

Altars:
Dithmenos
Gozag
Okawaru
Xom

Shops:
D:8 !   D:9 *   D:10 [

Annotations:
D:4 Speissi's ghost, average DsAs
D:10 Urug


Innate Abilities, Weirdness & Mutations

Your natural rate of healing is unusually fast.
You can bottle blood from corpses.
You have razor-sharp teeth.
You have supernaturally acute eyesight.
You can survive without breathing.
You have sharp toenails.
You can spit poison.
You expend magic power (3 MP) to slightly strengthen your wands.


Message History

You claw the komodo dragon, but do no damage.
The komodo dragon is lightly wounded.
The komodo dragon closely misses you.
You hit the komodo dragon!
You claw the komodo dragon, but do no damage.
The komodo dragon is moderately wounded.
The komodo dragon bites you.
You closely miss the komodo dragon.
The komodo dragon is moderately wounded.
You hit the komodo dragon but do no damage.
Your kick misses the komodo dragon. You bite the komodo dragon.
You draw the komodo dragon's blood!
You feel better.
You feel slightly more full.
The komodo dragon is moderately wounded.
The komodo dragon bites you!!
You punch the komodo dragon!!
You claw the komodo dragon, but do no damage.
The komodo dragon is severely wounded.
The komodo dragon bites you!!
You die...

#.......#.#....<...
#.......#.#........#
#.......#.#........#.
#.......#............
######.####........#
..# #........# .##
###..##### #
##.###### #..@l...#
#.........#
#.......#.#
...?.....#
..#.......#
..##.....<.# #
#!......# #.......
###


You could see a komodo dragon.

Vanquished Creatures
  2 hill giants
  An ugly thing (D:11)
  A shadow (D:11)
  A wraith (D:11)
  A wyvern (D:10)
  4 yaks
  A deep elf mage (D:10)
  Grum (D:9)
  A hungry ghost (D:12)
  2 hippogriffs
  A deep elf fighter (D:10)
  2 wolves
  A soldier ant (D:12)
  An ice beast (D:5)
  A sky beast (D:11)
  An ogre (D:9)
  7 centaurs
  A necrophage (D:8)
  2 orc warriors
  3 black bears
  2 big kobolds (D:11)
  A crocodile (D:10)
  5 giant frogs
  A wyvern zombie (D:12)
  A wyvern skeleton (D:9)
  2 scorpions
  15 killer bees
  A crimson imp (D:8)
  2 giant frog zombies
  2 quasits
  3 giant frog skeletons
  A hound (D:11)
  3 jellies
  2 centaur skeletons
  3 orc wizards
  2 orc priests
  5 worker ants
  A sheep (D:10)
  Terence (D:2)
  A worker ant zombie (D:6)
  3 gnolls (D:8)
  11 adders
  A river rat (D:10)
  3 shadow imps
  A worm (D:2)
  An adder skeleton (D:9)
  27 orcs
  A bat skeleton (D:4)
  4 hobgoblins
  22 kobolds
  21 bats
  6 giant cockroaches
  5 giant newts
  3 goblins
  13 jackals
  A jackal skeleton (D:5)
  An orc zombie (D:11)
  3 quokkas
  14 rats
230 creatures vanquished.

Vanquished Creatures (others)
  A giant spore (D:11)
  A ballistomycete (D:11)
2 creatures vanquished.

Grand Total: 232 creatures vanquished

Notes
Turn   | Place    | Note
--------------------------------------------------------------
     0 | D:1      | timbw, the Vampire Arcane Marksman, began the quest for the Orb.
     0 | D:1      | Reached XP level 1. HP: 14/14 MP: 2/2
    78 | D:1      | Reached skill level 1 in Unarmed Combat
   165 | D:1      | Reached XP level 2. HP: 14/20 MP: 3/3
   300 | D:2      | Noticed Terence
   321 | D:2      | Gained mutation: You expend magic power (3 MP) to slightly strengthen your wands. [potion of mutation]
   321 | D:2      | Gained mutation: You can spit poison. [potion of mutation]
   321 | D:2      | Gained mutation: You have sharp toenails. [potion of mutation]
   364 | D:2      | Killed Terence
   412 | D:2      | Reached XP level 3. HP: 22/25 MP: 4/4
   442 | D:2      | Found a shadowy altar of Dithmenos.
   586 | D:2      | Reached XP level 4. HP: 26/31 MP: 5/5
   785 | D:4      | Found an iron altar of Okawaru.
   932 | D:4      | Reached skill level 1 in Fighting
  1044 | D:4      | Reached XP level 5. HP: 31/37 MP: 7/7
  1301 | D:4      | Noticed Speissi's ghost (average DsAs)
  1338 | D:5      | Entered Level 5 of the Dungeon
  1364 | D:5      | Found a staircase to the Ecumenical Temple.
  1371 | D:5      | Noticed an ice beast
  1380 | D:5      | Killed an ice beast
  1380 | D:5      | Reached skill level 5 in Unarmed Combat
  1414 | D:5      | Noticed a centaur
  1426 | D:5      | Killed a centaur
  1426 | D:5      | Reached XP level 6. HP: 18/44 MP: 8/8
  1787 | D:6      | Found a shimmering altar of Xom.
  1839 | D:6      | Reached skill level 6 in Unarmed Combat
  2023 | D:6      | Reached XP level 7. HP: 7/51 MP: 9/9
  2414 | D:7      | Reached skill level 7 in Unarmed Combat
  2814 | D:8      | Reached skill level 5 in Dodging
  2814 | D:8      | Reached XP level 8. HP: 44/60 MP: 10/10
  3057 | D:8      | Reached skill level 8 in Unarmed Combat
  3416 | D:8      | Found an opulent altar of Gozag.
  3636 | D:9      | Noticed Grum
  3654 | D:8      | Reached skill level 9 in Unarmed Combat
  3918 | D:8      | Found Iseamp's Distillery.
  3924 | D:8      | Bought a potion of haste for 140 gold pieces
  3924 | D:8      | Bought 2 potions of berserk rage for 140 gold pieces
  3924 | D:8      | Bought 2 potions of heal wounds for 140 gold pieces
  3924 | D:8      | Bought a potion of agility for 56 gold pieces
  4460 | D:10     | Entered Level 10 of the Dungeon
  4587 | D:8      | Reached skill level 5 in Fighting
  4587 | D:8      | Reached XP level 9. HP: 51/68 MP: 11/11
  4957 | D:9      | Reached skill level 10 in Unarmed Combat
  5242 | D:11     | Noticed a centaur skeleton
  5246 | D:11     | Killed a centaur skeleton
  5269 | D:11     | Noticed a green ugly thing
  5299 | D:11     | Killed a green ugly thing
  5299 | D:11     | Reached skill level 11 in Unarmed Combat
  5440 | D:10     | Noticed a hill giant
  5446 | D:10     | Reached XP level 10. HP: 7/77 MP: 13/13
  5594 | D:9      | Found Kasisoma's Assorted Antiques.
  5933 | D:10     | Found a staircase to the Orcish Mines.
  6071 | D:10     | Noticed a hill giant
  6083 | D:10     | Killed a hill giant
  6132 | D:10     | Found a staircase to the Lair.
  6143 | Lair:1   | Entered Level 1 of the Lair of Beasts
  6184 | D:10     | Reached skill level 12 in Unarmed Combat
  6313 | D:10     | Noticed Urug
  6414 | D:10     | Found Plalau's Antique Armour Boutique.
  6459 | D:10     | Noticed a centaur skeleton
  6514 | D:9      | Killed Grum
  7231 | D:11     | Noticed a hill giant
  7238 | D:11     | Killed a hill giant
  7540 | D:12     | Reached skill level 13 in Unarmed Combat
  7553 | D:12     | Slain by a komodo dragon

Action                   |  1- 3 |  4- 6 |  7- 9 | 10-12 || total
-------------------------+-------+-------+-------+-------++-------
Melee: Unarmed           |   110 |   155 |   325 |   258 ||   848
Throw: Javelin           |     5 |       |     5 |     4 ||    14
       Throwing net      |     3 |     2 |     1 |       ||     6
Evoke: Wand              |       |       |     3 |     7 ||    10
  Use: Potion            |     3 |     2 |    12 |     1 ||    18
       Scroll            |       |       |    11 |     1 ||    12
 Stab: Sleeping          |     1 |       |       |       ||     1
       Invisible         |       |       |     1 |       ||     1
       Distracted        |       |       |       |     1 ||     1
       Paralysed         |       |       |       |     1 ||     1
  Eat: Corpse            |     6 |    10 |    11 |    12 ||    39
